 Dungeon Crawl Stone Soup version 0.31.0-11-ge490571c62 (webtiles) character file.

Game seed: 7528899062683304352

2201 Shadune the Cudgeller (level 9, -1/46 HPs)
             Began as a Vine Stalker Fighter on Feb 5, 2024.
             Succumbed to a water moccasin's poison
             ... on level 7 of the Dungeon.
             The game lasted 01:05:26 (6123 turns).

Shadune the Cudgeller (Vine Stalker Fighter)        Turns: 6123, Time: 01:05:27

Health: -1/46      AC:  5    Str: 23    XL:     9   Next: 34%
Magic:  3/10       EV: 11    Int:  8    God:
Gold:   185        SH: 10    Dex: 20    Spells: 8/8 levels left

rFire   . . .        w - +7 flail (holy)
rCold   + . .        j - +0 kite shield
rNeg    . . .        q - +2 leather armour "Wonelob" {rF+ Regen+ Dex+6}
rPois   .            (no helmet)
rElec   .            (no cloak)
rCorr   +            (no gloves)
SInv    .            (no boots)
Will    +....        (no amulet)
Stlth   ++           f - ring of resist corrosion
HPRegen 1.87/turn    n - ring of ice
MPRegen 0.12/turn

%: guardian spirit
@: lethally poisoned (-1 -> -7), about to teleport
A: fangs 3, regeneration 1, magic shield, antimagic bite, no potion heal 2
a: no special abilities


You were on level 7 of the Dungeon.
You visited 1 branch of the dungeon, and saw 7 of its levels.

You collected 185 gold pieces.

Inventory:

Hand Weapons
 a - a +0 long sword
 h - a +4 heavy scythe
 s - a +2 quarterstaff of chaos
 w - a +7 flail of holy wrath (weapon)
 A - a +2 trident of draining
Armour
 b - a +0 scale mail
 c - a +0 buckler
 j - a +0 kite shield (worn)
 q - the +2 leather armour "Wonelob" (worn) {rF+ Regen+ Dex+6}
   (You found it on level 3 of the Dungeon)

   Dex+6:     It affects your dexterity (+6).
   rF+:       It protects you from fire.
   Regen+:    It increases your rate of health regeneration.
 r - a +0 cloak
 y - an orb of energy
 B - an orb of guile
Jewellery
 f - a ring of resist corrosion (left hand)
 n - a ring of ice (right hand)
 u - a ring of fire
Wands
 p - a wand of paralysis (3)
 C - a wand of roots (8)
Scrolls
 i - a scroll of vulnerability {unknown}
 k - 4 scrolls of identify
 l - a scroll of immolation
 m - 2 scrolls of amnesia
 t - a scroll of blinking {unknown}
 z - a scroll of poison {unknown}
Potions
 d - a potion of might
 e - 4 potions of brilliance {unknown}
 g - 2 potions of degeneration {unknown}
 o - a potion of heal wounds {unknown}
 v - a potion of lignification {unknown}
 D - a potion of curing {unknown}


   Skills:
 + Level 4.9 Fighting
 - Level 4.3 Long Blades
 * Level 6.4 Maces & Flails
 + Level 4.5 Armour
 + Level 2.5 Dodging
 + Level 2.5 Stealth
 + Level 4.6 Shields


You had 8 spell levels left.
You didn't know any spells.
Your spell library contained the following spells:

 Spells                   Type           Power      Damage    Failure   Level
 Summon Blazeheart Golem  Fire/Summ      0%         N/A       100%        4
 Orb of Destruction       Conj           0%         9d5       100%        7
 Spellforged Servitor     Conj/Summ      0%         N/A       100%        7


Dungeon Overview and Level Annotations

Branches:
Dungeon (7/15)             Temple (0/1) D:4

Altars:
Elyvilon
Hepliaklqana
Nemelex Xobeh
Vehumet
Wu Jian

Shops:
D:3 *   D:5 *

Portals:
Ossuary: D:7


Innate Abilities, Weirdness & Mutations

You have razor-sharp teeth.
Your natural rate of healing is unusually fast.
When hurt, damage is shared between your health and your magic reserves.
Your bite disrupts and absorbs the magic of your enemies.
Potions cannot restore your health.


Message History

You now have 185 gold pieces (gained 18).
D - a smoky red potion You open the door.
A water moccasin comes into view.
The water moccasin moves out of view.
Found a stone staircase leading down.
The water moccasin hisses angrily.
There is an open door here.
The water moccasin bites you!
You are poisoned.
The water moccasin poisons you! The water moccasin bites you.
You hit the water moccasin.
You bite the water moccasin, but do no damage.
The water moccasin is lightly wounded.
You feel very sick. You block the water moccasin's attack.
You sock the water moccasin!
The water moccasin is heavily wounded.
You feel very sick. The water moccasin bites you.
You are more poisoned.
The water moccasin poisons you! The water moccasin bites you!
You are more poisoned.
The water moccasin poisons you!
You feel extremely sick.
The water moccasin attacks as it pursues you!
The water moccasin bites you but does no damage.
There is an open door here.
* * * LOW HITPOINT WARNING * * *
You feel extremely sick.
The water moccasin attacks as it pursues you!
The water moccasin bites you but does no damage.
The water moccasin bites you!
* * * LOW HITPOINT WARNING * * *
As you read the scroll of teleportation, it crumbles to dust.
You feel strangely unstable.
* * * LOW HITPOINT WARNING * * *
You feel very sick. You block the water moccasin's attack.
You die...

####.#####
....>....#
########S####
#.......#
#...@...#
#.......#
####'#### #.#
#.# #.# #.#
######### #.#
#........ #.#
#.#######


You could see a water moccasin.

Vanquished Creatures
  Jeremiah (D:6)
  Sigmund (D:5)
  Edmund (D:4)
  A water moccasin (D:5)
  2 black bears
  2 ogres (D:5)
  2 centaurs
  A phantom (D:5)
  A kobold brigand (D:6)
  A bullfrog (D:6)
  A scorpion (D:6)
  A howler monkey (D:4)
  A hound (D:5)
  2 orc priests (D:6)
  Crazy Yiuf (D:3)
  A gnoll bouda (D:4)
  7 iguanas
  2 orc wizards (D:6)
  11 gnolls
  10 adders
  A shadow imp (D:5)
  2 white imps (D:6)
  A dart slug (D:1)
  3 ribbon worms
  13 orcs
  5 endoplasms
  2 giant cockroaches
  6 goblins
  4 hobgoblins
  11 jackals
  3 quokkas
  6 ball pythons
  4 bats
  5 frilled lizards
  17 kobolds
  7 rats
140 creatures vanquished.

Notes
Turn   | Place    | Note
-------+----------+-------------------------------------------
     0 | D:1      | Shadune the Vine Stalker Fighter began the quest for the
                  | Orb.
     0 | D:1      | Reached XP level 1. HP: 11/11 MP: 2/2
   112 | D:1      | Reached XP level 2. HP: 16/16 MP: 3/3
   445 | D:2      | Reached XP level 3. HP: 20/20 MP: 2/4
   609 | D:2      | Reached XP level 4. HP: 20/24 MP: 5/5
  1056 | D:2      | Reached XP level 5. HP: 28/28 MP: 6/6
  1363 | D:3      | Identified the +2 leather armour "Wonelob" {rF+ Regen+
                  | Dex+6}
  1479 | D:3      | Found Myliasia's Assorted Antiques.
  1535 | D:3      | Found a sparkling altar of Nemelex Xobeh.
  1884 | D:3      | Found a runed translucent door.
  1885 | D:3      | Noticed Crazy Yiuf
  2257 | D:3      | Killed Crazy Yiuf
  2357 | D:4      | Found a white marble altar of Elyvilon.
  2357 | D:4      | Found a radiant altar of Vehumet.
  2512 | D:4      | Found a staircase to the Ecumenical Temple.
  2821 | D:4      | Found a hazy altar of Hepliaklqana.
  2897 | D:4      | Reached XP level 6. HP: 26/32 MP: 5/7
  3056 | D:4      | Found an ornate altar of the Wu Jian Council.
  3218 | D:5      | Entered Level 5 of the Dungeon
  3258 | D:5      | Noticed Edmund
  3302 | D:4      | HP: 1/32 [Edmund/+6 flail of holy wrath (5)]
  3304 | D:4      | Killed Edmund
  3305 | D:4      | Reached skill level 1 in Dodging
  3305 | D:4      | Reached skill level 1 in Stealth
  3717 | D:5      | Reached XP level 7. HP: 37/37 MP: 5/8
  3750 | D:5      | Reached skill level 1 in Maces & Flails
  3861 | D:5      | Found Evityw's Neck Hole.
  3861 | D:5      | Noticed Sigmund
  3869 | D:5      | Killed Sigmund
  3870 | D:5      | Reached skill level 2 in Maces & Flails
  4114 | D:5      | Reached skill level 3 in Maces & Flails
  4131 | D:5      | Gained mutation: You have razor-sharp teeth. [Vine Stalker
                  | growth]
  4131 | D:5      | Reached XP level 8. HP: 39/42 MP: 6/9
  4286 | D:5      | Reached skill level 4 in Maces & Flails
  5159 | D:6      | Noticed Jeremiah
  5195 | D:5      | Reached skill level 5 in Maces & Flails
  5383 | D:6      | Reached XP level 9. HP: 46/46 MP: 10/10
  5596 | D:6      | Killed Jeremiah
  5597 | D:6      | Reached skill level 6 in Maces & Flails
  6028 | D:7      | Found a sand-covered staircase.
  6122 | D:7      | HP: 2/46 [poisoned by a water moccasin]
  6123 | D:7      | Succumbed to a water moccasin's poison

Illustrated notes

Levels and vault maps discovered:
D:1:      dpeg_arrival_rooms_c, layout_basic
D:2:      minmay_inner_zag, layout_basic, grunt_ministairs_15,
          minmay_hexomino_u4
D:3:      layout_loops_corners, lemuel_tele_altar, serial_shops,
          nicolae_shop_just_a_little_nook, uniq_crazy_yiuf_cottage
D:4:      layout_cave_pods, general_overflow_altar, marbit_many_paths,
          nicolae_overflow_two_pavilions, minmay_temple_entry_tees,
          minmay_crossroads
D:5:      layout_gridville, kb_lookout_dungeons_type,
          nicolae_shop_sticking_my_neck_out, uniq_edmund, uniq_sigmund
D:6:      layout_layer_cave, uniq_jeremiah
D:7:      layout_basic, nicolae_ossuary_entry_ruins, serial_shops,
          kennysheep_mini_moat

Skill      XL: |  1  2  3  4  5  6  7  8  9 |
---------------+----------------------------+-----
Long Blades    | 2 3 4 |  4.3
Fighting       | 3 4 |  4.9
Shields        | 3 4 |  4.6
Armour         | 3 4 |  4.5
Dodging        | 1 2 |  2.5
Stealth        | 1 2 |  2.5
Maces & Flails | 3 5 6 |  6.4

Action                     |  1- 3 |  4- 6 |  7- 9 || total
---------------------------+-------+-------+-------++-------
  Melee: Long sword        |    85 |   145 |       ||   230
         Bite              |    14 |    33 |    49 ||    96
         Flail             |       |    18 |   166 ||   184
    Use: Scroll            |       |     6 |     2 ||     8
   Stab: Distracted        |       |     1 |       ||     1
         Sleeping          |       |       |     2 ||     2
 Armour: Scale mail        |    58 |    68 |       ||   126
         Leather armour    |       |    50 |   120 ||   170
  Dodge: Dodged            |    46 |    79 |    87 ||   212
  Block: Buckler           |    15 |    38 |     1 ||    54
         Kite shield       |       |       |   138 ||   138
